 Dungeon Crawl Stone Soup version 0.27.1-33-g824d729ab1 (webtiles) character file.

Game seed: 8179326372464774752

35 pkoi the Charlatan (level 3, -1/28 HPs)
             Began as a Draconian Artificer on Dec 20, 2021.
             Was a Follower of Vehumet.
             Killed from afar by Natasha (3 damage)
             ... with a magic dart
             ... on level 2 of the Dungeon.
             The game lasted 00:01:34 (1483 turns).

pkoi the Charlatan (Draconian Artificer)            Turns: 1483, Time: 00:01:34

Health: -1/28      AC:  5    Str: 14    XL:     3   Next: 17%
Magic:  1/3        EV: 12    Int: 12    God:    Vehumet [*.....]
Gold:   91         SH:  0    Dex: 11    Spells: 2/3 levels left

rFire    . . .     SeeInvis .   a - +0 club
rCold    . . .     Faith    .   (no shield)
rNeg     + . .     Spirit   .   (armour unavailable)
rPois    .         Reflect  .   (helmet restricted)
rElec    .         Harm     .   (no cloak)
rCorr    .         Rampage  .   (no gloves)
Will     .....                  (no boots)
Stlth    +.........             e - amulet of magic regeneration
HPRegen  0.09/turn              k - ring of positive energy
MPRegen  0.33/turn              (no ring)

@: no status effects
A: AC +5, unfitting armour, cold-blooded
a: Renounce Religion


You were on level 2 of the Dungeon.
You worshipped Vehumet.
Vehumet was aware of your devotion.
You visited 1 branch of the dungeon, and saw 2 of its levels.

You collected 91 gold pieces.

Inventory:

Hand Weapons
 a - a +0 club (weapon)
Jewellery
 e - an amulet of magic regeneration (around neck)
 k - a ring of positive energy (left hand)
Wands
 b - a wand of flame (15) (quivered)
 c - a wand of charming (15)
Scrolls
 f - a scroll of fear {unknown}
 g - 2 scrolls of enchant weapon {unknown}
 j - a scroll of identify {unknown}
Potions
 h - a potion of haste {unknown}
 i - a potion of attraction {unknown}
Miscellaneous
 d - a piece from Xom's chessboard (15/15)


   Skills:
 - Level 1.1 Fighting
 - Level 2.1 Dodging
 - Level 0.8 Stealth
 + Level 1.9 Unarmed Combat
 + Level 0.5 Spellcasting
 + Level 0.3 Conjurations
 + Level 0.5 Air Magic
 - Level 3.3 Evocations


You had 2 spell levels left.
You knew the following spells:

 Your Spells              Type           Power      Damage    Failure   Level
a - Shock                 Conj/Air       4%         1d3       26%         1

Your spell library contained the following spells:

 Spells                   Type           Power      Damage    Failure   Level
 Stone Arrow              Conj/Erth      0%         3d7       65%         3
 Bolt of Magma            Conj/Fire/Erth 0%         4d4       100%        5
 Shatter                  Erth           0%         3d5*      100%        9


Dungeon Overview and Level Annotations

Branches:
Dungeon (2/15)

Altars:
Vehumet

Annotations:
D:2 Natasha


Innate Abilities, Weirdness & Mutations

Your plain brown scales are hard. (AC +5)
You cannot fit into any form of body armour.
You are cold-blooded and may be slowed by cold attacks.


Message History

Aiming: Shock (safe; 26% risk of failure)
Press: ? - help, Shift-Dir - straight line, p - Natasha The zap misses Natasha.
The zap hits Natasha.
Natasha is moderately wounded.
Natasha claws you.
Unknown command.
Casting: Shock (safe; 26% risk of failure)
Confirm with . or Enter, or press ? or * to list all spells.
Aiming: Shock (safe; 26% risk of failure)
Press: ? - help, Shift-Dir - straight line The zap misses Natasha.
The zap hits Natasha.
Natasha is heavily wounded.
Natasha claws you.
Unknown command.
Casting: Shock (safe; 26% risk of failure)
Confirm with . or Enter, or press ? or * to list all spells.
Aiming: Shock (safe; 26% risk of failure)
Press: ? - help, Shift-Dir - straight line The zap hits Natasha.
Natasha is severely wounded.
The zap misses Natasha.
Natasha claws you.
Unknown command.
Casting: Shock (safe; 26% risk of failure)
Confirm with . or Enter, or press ? or * to list all spells.
Okay, then.
Unknown command.
You hit Natasha.
Natasha is almost dead.
Natasha mewls in sadness.
Natasha claws you!
* * * LOW HITPOINT WARNING * * *
You barely miss Natasha.
Natasha is almost dead.
Natasha claws you!
* * * LOW HITPOINT WARNING * * *
You hit Natasha but do no damage.
Natasha is almost dead.
Natasha stares at you and mumbles some strange words.
The magic dart hits you.
You die...

#########
###########........
#..........h.......
#..####h#######+###
#...@.## ##.....##
##.....## ##.....##
##.....# +..#
###'##### #..#
#.....#.## #..#
#.....#..## #..#
+..)(.'...###..#


You could see Natasha.

Vanquished Creatures
  2 dart slugs (D:1)
  2 ball pythons
  2 bats (D:1)
  2 endoplasms (D:1)
  2 giant cockroaches (D:1)
  3 hobgoblins
  5 kobolds
  A quokka (D:1)
  A frilled lizard (D:1)
  3 goblins
  4 rats
27 creatures vanquished.

Notes
Turn   | Place    | Note
-------+----------+-------------------------------------------
     0 | D:1      | pkoi the Draconian Artificer began the quest for the Orb.
     0 | D:1      | Reached XP level 1. HP: 16/16 MP: 1/1
    41 | D:1      | Found a faded altar of an unknown god.
    64 | D:1      | Reached skill level 1 in Unarmed Combat
    70 | D:1      | Reached XP level 2. HP: 15/23 MP: 2/2
   284 | D:1      | Became a worshipper of Vehumet
   284 | D:1      | Reached * piety under Vehumet
   284 | D:1      | Offered knowledge of Shock by Vehumet.
   674 | D:1      | Learned a level 1 spell: Shock
  1227 | D:2      | Reached XP level 3. HP: 23/28 MP: 3/3
  1467 | D:2      | Noticed Natasha
  1483 | D:2      | Killed from afar by Natasha

Illustrated notes

Levels and vault maps discovered:
D:1:      minmay_arrival_glassed_features, layout_rooms, basic_ecumenical_altar,
          dk_noncrumbling_3
D:2:      layout_rooms, minmay_quadrilaterals, uniq_natasha

Skill      XL: |  1 |
---------------+----+-----
Unarmed Combat | 1 |  1.9
Fighting       | |  1.1
Dodging        | |  2.1
Stealth        | |  0.8
Spellcasting   | |  0.5
Conjurations   | |  0.3
Air Magic      | |  0.5
Evocations     | |  3.3

Action                   || total
-------------------------++-------
Melee: Club              ||   112
       Tailslap          ||    13
       Punch             ||     4
 Cast: Shock             ||     5
Armor: Skin              ||    41
Dodge: Dodged            ||    84
